Map: Tokamak LE

Players

Reynor

  • Race: Zerg Zerg
  • Spawn Location: 7:00

FalconsSolar (Solar) - Winner!

  • Race: Zerg Zerg
  • Spawn Location: 1:00

Event: DreamHack Dallas 2025

VOD

Have the link to the VOD?

Description

Time

  • Played on: May 24, 2025, 7:16 p.m.
  • Length: 7:03

All games in this series

Show
View Real Time Build Order
Export as new Build Order

Reynor Zerg 

Build Orders: Hatch First 

Get SALT Encoding   

  12  0:00  Drone  
  13  0:07  Drone  
  13  0:14  Drone, Extractor  
  15  0:21  Overlord  
  15  0:40  Drone  
  16  0:44  Hatchery  
  16  0:48  Drone  
  16  0:52  Drone  
  16  0:55  Drone  
  18  1:06  Extractor  
  18  1:11  Spawning Pool  
  16  1:13  Drone  
  16  1:16  Drone  
  18  1:26  Drone  
  19  1:37  Drone  
  20  1:48  Drone  
  21  1:57  Queen x2  
  21  1:59  Zergling x2, Drone  
  27  2:08  Metabolic Boost  
  27  2:09  Overlord  
  27  2:10  Drone  
  28  2:27  Drone x2  
  28  2:28  Drone  
  31  2:33  Hatchery  
  31  2:35  Drone  
  31  2:39  Drone  
  31  2:41  Drone  
  33  2:46  Baneling Nest  
  33  2:50  Drone  
  33  2:52  Overlord  
  33  3:00  Drone  
  33  3:03  Drone  
  33  3:05  Zergling x2  
  36  3:11  Drone x2  
  36  3:12  Zergling x4  
  40  3:13  Zergling x2  
  40  3:15  Overlord  
  41  3:20  Drone  
  41  3:21  Queen  
  44  3:30  Roach Warren  
  44  3:31  Drone  
  44  3:35  Drone  
  44  3:36  Drone x2  
  44  3:39  Overlord  
  47  3:41  Drone  
  47  3:42  Zergling x2  
  47  3:46  Drone x2  
  47  3:48  Drone  
  52  3:52  Evolution Chamber  
  51  3:56  Zergling x4  
  51  3:57  Drone x2  
  55  4:05  Overlord  
  55  4:11  Extractor  
  55  4:15  Roach x5  
  64  4:20  Overlord  
  64  4:25  Drone x2  
  64  4:26  Drone  
  64  4:30  Overlord  
  66  4:33  Drone x2  
  66  4:35  Roach  
  66  4:36  Roach  
  66  4:38  Overlord  
  72  4:40  Roach x2  
  72  4:41  Roach  
  72  4:43  Roach  
  72  4:45  Baneling x3  
  80  4:50  Zergling x2, Roach  
  80  4:51  Zergling x2  
  84  4:56  Roach  
  86  5:03  Roach  
  86  5:04  Zergling x6  
  88  5:10  Baneling  
  88  5:11  Baneling  
  88  5:13  Zergling x2, Roach  
  82  5:14  Zergling x10  
  82  5:18  Queen  
  79  5:23  Roach x2  
  79  5:28  Roach  
  75  5:34  Queen, Roach  
  73  5:36  Roach  
  73  5:37  Zergling x2  
  73  5:41  Baneling  
  76  5:44  Extractor, Queen  
  76  5:46  Roach  
  76  5:49  Drone x2  
  81  5:56  Drone x2  
  83  5:57  Drone  
  84  6:06  Overlord  
  84  6:08  Drone x2  
  86  6:12  Spine Crawler  
  89  6:18  Roach x2  
  89  6:23  Baneling x2  
  89  6:24  Overlord, Baneling  
  88  6:28  Roach x4  
  88  6:30  Roach x2  
  92  6:40  Zergling x2, Roach x2  
Show
View Real Time Build Order
Export as new Build Order

FalconsSolar Zerg - Winner!

Build Orders: Hatch First 

Get SALT Encoding   

  12  0:00  Drone  
  13  0:07  Drone  
  14  0:14  Drone, Extractor  
  15  0:21  Overlord  
  15  0:41  Drone  
  16  0:45  Hatchery  
  16  0:49  Drone  
  16  0:52  Drone  
  16  0:57  Drone  
  18  1:06  Extractor  
  17  1:11  Spawning Pool  
  17  1:14  Drone  
  17  1:17  Drone  
  18  1:26  Drone  
  19  1:37  Drone  
  20  1:47  Drone  
  21  1:57  Queen  
  21  1:58  Zergling x2, Queen  
  21  1:59  Overlord  
  26  2:09  Drone x2  
  26  2:10  Metabolic Boost  
  28  2:19  Zergling x2  
  28  2:20  Drone  
  30  2:31  Hatchery  
  30  2:35  Drone  
  31  2:37  Drone  
  31  2:40  Drone  
  32  2:46  Baneling Nest  
  32  2:47  Drone  
  32  2:51  Overlord  
  32  2:55  Drone  
  33  3:01  Zergling x2  
  33  3:02  Drone  
  35  3:06  Drone  
  35  3:10  Drone x3  
  39  3:14  Drone  
  39  3:15  Zergling x2  
  41  3:20  Roach Warren  
  41  3:22  Zergling x2  
  41  3:26  Overlord  
  41  3:28  Drone  
  41  3:32  Zergling x2  
  43  3:37  Overlord  
  43  3:43  Queen  
  43  3:44  Drone  
  43  3:46  Overlord  
  46  4:00  Roach x3  
  46  4:01  Roach x3  
  58  4:08  Roach x2  
  62  4:12  Roach x2  
  62  4:16  Zergling x4  
  68  4:19  Zergling x4  
  68  4:21  Overlord  
  68  4:23  Zergling x2  
  70  4:26  Zergling x2  
  70  4:27  Zergling x2  
  70  4:30  Zergling x2  
  73  4:34  Overlord  
  73  4:37  Overlord  
  73  4:40  Zergling x2  
  73  4:42  Zergling x4  
  73  4:45  Zergling x6  
  79  4:48  Zergling x4  
  79  4:51  Baneling x2  
  79  4:52  Zergling x2  
  82  5:03  Zergling x8  
  82  5:04  Zergling x6  
  84  5:11  Zergling x2  
  81  5:17  Roach x3  
  81  5:19  Extractor  
  75  5:24  Roach x3  
  73  5:32  Zergling x12  
  73  5:33  Zergling x2  
  74  5:36  Zergling x4  
  74  5:39  Zergling x2  
  77  5:46  Roach x2  
  81  5:50  Overlord  
  81  5:54  Roach x2  
  81  5:56  Zergling x2  
  85  5:59  Zergling x4  
  87  6:04  Ravager  
  87  6:06  Zergling x6  
  87  6:09  Zergling x2  
  87  6:10  Zergling x2  
  93  6:12  Zergling x2  
  93  6:15  Zergling x2  
  93  6:17  Zergling x2  
  96  6:18  Zergling x2  
  96  6:20  Zergling x2  
  96  6:21  Zergling x2  
  96  6:25  Zergling x4  
  99  6:29  Zergling x2  
  99  6:30  Zergling x2  
  101  6:33  Zergling x2  
  101  6:35  Zergling x4  
  100  6:40  Zergling x2  
  100  6:41  Zergling x4  
  100  6:42  Ravager  
  100  6:44  Zergling x2  
Tags
 
Add a new tag
Caveats
  • Supply blocks, unpowered buildings, or Contaminate may cause inaccurate times.
  • Supply counts are checked every 10 seconds.